Map: Ruins of Endion

Players

RadekDaNa

  • Race: Zerg Zerg
  • League: Grandmaster

Miszu - Winner!

  • Race: Terran Terran
  • League: Grandmaster

VOD

Have the link to the VOD?

Description

Time

  • Played on: May 11, 2016, 5:18 p.m.
  • Length: 12:14
Show
View Real Time Build Order
Export as new Build Order

RadekDaNa Zerg 

Build Orders: Hatch First 

Get SALT Encoding   

  12  0:00  Drone  
  13  0:12  Overlord  
  13  0:17  Drone  
  14  0:31  Drone x2  
  14  0:34  Drone  
  17  0:52  Hatchery  
  17  0:54  Drone  
  17  0:57  Drone  
  17  1:03  Extractor  
  17  1:12  Spawning Pool  
  17  1:15  Drone  
  17  1:19  Drone  
  18  1:28  Drone  
  19  1:38  Overlord  
  19  1:49  Drone  
  20  1:59  Queen  
  20  2:00  Zergling x2  
  23  2:04  Zergling x2, Queen  
  23  2:05  Metabolic Boost  
  26  2:11  Drone  
  26  2:14  Drone  
  28  2:22  Drone  
  29  2:25  Drone  
  30  2:32  Drone  
  30  2:33  Spore Crawler  
  31  2:37  Drone  
  31  2:41  Queen  
  32  2:45  Drone  
  32  2:48  Pneumatized Carapace  
  32  2:49  Overlord  
  34  2:54  Overlord  
  34  2:58  Drone  
  35  3:07  Drone  
  35  3:11  Drone  
  35  3:12  Drone x3  
  40  3:16  Drone x3  
  40  3:17  Drone  
  45  3:20  Drone  
  45  3:33  Hatchery  
  44  3:37  Drone  
  44  3:38  Drone  
  44  3:39  Drone  
  47  3:46  Lair  
  47  3:47  Extractor, Drone  
  47  3:52  Queen  
  49  3:55  Overlord  
  49  3:58  Drone  
  49  3:59  Drone  
  49  4:02  Extractor  
  50  4:04  Zergling x4  
  50  4:07  Overlord  
  52  4:20  Drone, Spore Crawler  
  52  4:22  Spore Crawler, Drone x3  
  52  4:23  Drone  
  55  4:27  Drone, Evolution Chamber  
  55  4:28  Evolution Chamber  
  54  4:35  Zergling x4  
  54  4:37  Drone  
  57  4:40  Zergling x4  
  59  4:45  Queen  
  59  4:46  Overlord  
  59  4:50  Zergling x2  
  59  4:51  Zergling x4  
  59  4:52  Overseer  
  64  5:04  Zerg Melee Weapons Level 1, Drone  
  64  5:05  Zerg Ground Armor Level 1  
  65  5:07  Drone x2  
  65  5:08  Drone  
  65  5:09  Drone  
  65  5:11  Drone  
  65  5:14  Extractor, Drone  
  70  5:16  Drone  
  70  5:17  Drone  
  70  5:20  Overlord  
  71  5:23  Drone  
  71  5:24  Drone  
  71  5:25  Drone  
  74  5:32  Drone x2  
  74  5:33  Baneling Nest, Drone  
  74  5:34  Drone  
  77  5:36  Drone  
  77  5:37  Drone  
  77  5:42  Baneling Nest  
  78  5:46  Overlord  
  78  5:47  Overlord  
  78  5:53  Spore Crawler  
  76  6:01  Zergling x16  
  76  6:02  Zergling x2  
  84  6:08  Queen  
  50  6:31  Drone  
  50  6:32  Drone x8  
  53  6:34  Drone  
  53  6:36  Drone  
  53  6:43  Drone x2  
  55  6:49  Queen  
  57  6:58  Spire  
  56  7:02  Hydralisk Den  
  56  7:04  Spore Crawler, Drone x2  
  56  7:05  Drone x3  
  56  7:06  Drone  
  60  7:09  Drone  
  60  7:10  Drone  
  60  7:14  Drone  
  63  7:26  Drone x3  
  66  7:31  Drone x2  
  66  7:32  Drone  
  66  7:33  Drone  
  66  7:34  Drone  
  66  7:36  Overlord  
  71  7:37  Infestation Pit, Drone  
  71  7:38  Drone x4  
  71  7:39  Extractor  
  71  7:43  Drone  
  75  7:46  Extractor  
  75  7:50  Spore Crawler  
  73  7:54  Hydralisk x4  
  81  8:03  Hydralisk  
  81  8:04  Hydralisk x3  
  84  8:15  Hydralisk x5  
  86  8:20  Hydralisk  
  86  8:21  Hydralisk  
  90  8:28  Hydralisk x3  
  96  8:34  Hive  
  96  8:38  Queen  
  98  8:46  Queen, Drone  
  101  8:49  Muscular Augments  
  101  8:51  Hydralisk  
  101  8:54  Hydralisk  
  105  8:59  Overlord  
  105  9:05  Overlord x2  
  105  9:10  Roach Warren  
  104  9:26  Hydralisk x5  
  104  9:29  Infestor x2  
  118  9:42  Overseer  
  118  9:48  Viper  
  118  9:50  Overlord  
  118  9:51  Overlord x3  
  121  10:00  Overlord x2  
  121  10:01  Overlord  
  121  10:05  Glial Reconstitution  
  121  10:11  Viper x2  
  121  10:13  Roach  
  121  10:14  Roach x2  
  133  10:15  Overlord x2, Hydralisk  
  133  10:16  Hydralisk x2  
  139  10:30  Hydralisk  
  139  10:31  Hydralisk x3  
  139  10:32  Overlord  
  147  10:44  Roach x4  
  147  10:45  Roach x3  
  147  10:48  Hydralisk  
  163  10:53  Overlord, Hydralisk  
  165  11:02  Hydralisk x3  
  165  11:06  Overseer  
  165  11:09  Overseer  
  165  11:11  Hydralisk x2  
  165  11:12  Roach  
  171  11:26  Hydralisk x5  
  171  11:27  Roach  
Show
View Real Time Build Order
Export as new Build Order

Miszu Terran - Winner!

Build Orders: Reaper Expand, Hellion Banshee 

Get SALT Encoding   

  12  0:00  SCV  
  13  0:12  SCV  
  14  0:17  Supply Depot  
  14  0:24  SCV  
  15  0:39  SCV  
  16  0:44  Barracks  
  16  0:46  Refinery  
  16  0:51  SCV  
  17  1:03  SCV  
  18  1:15  SCV  
  19  1:31  Reaper, Orbital Command  
  20  1:40  Command Center  
  20  1:49  Supply Depot  
  20  1:57  SCV  
  21  2:03  Marine  
  21  2:07  Factory  
  22  2:09  SCV  
  22  2:15  Refinery  
  23  2:21  SCV  
  24  2:26  Barracks Reactor  
  24  2:33  SCV  
  25  2:45  SCV  
  26  2:55  Starport  
  26  2:56  Orbital Command  
  26  2:57  SCV  
  27  3:09  Hellion x2, SCV  
  27  3:11  Barracks Tech Lab  
  32  3:17  Supply Depot  
  32  3:22  SCV x2  
  34  3:30  Hellion  
  34  3:34  Hellion, SCV x2  
  39  3:42  Banshee  
  39  3:43  Supply Depot  
  39  3:46  SCV x2  
  44  3:50  Barracks Reactor  
  44  3:58  SCV x2  
  44  4:00  Command Center  
  46  4:10  SCV x2  
  46  4:13  Refinery  
  46  4:14  Refinery  
  46  4:16  Hellion x2  
  52  4:22  SCV  
  53  4:26  Supply Depot  
  53  4:27  Liberator  
  53  4:28  Liberator  
  53  4:30  Supply Depot  
  53  4:32  SCV, Armory  
  53  4:34  SCV  
  55  4:44  SCV  
  59  4:48  SCV  
  59  4:51  Hellion  
  65  4:56  SCV  
  66  5:10  SCV  
  66  5:11  SCV  
  68  5:14  Hellion  
  68  5:15  Hellion, Orbital Command  
  72  5:22  Starport  
  72  5:23  Starport, SCV x2  
  72  5:26  Terran Ship Weapons Level 1  
  72  5:27  Liberator x2  
  74  5:38  SCV x2  
  74  5:40  Supply Depot  
  82  5:50  SCV x2  
  84  6:08  Starport Tech Lab, Banshee  
  84  6:10  Hellion x2  
  91  6:13  Liberator x2  
  88  6:23  SCV x2  
  85  6:30  Banshee  
  85  6:33  Hellion x2  
  85  6:35  SCV x2  
  85  6:43  Fusion Core  
  85  6:44  Refinery  
  85  6:45  Refinery, Orbital Command  
  85  6:47  SCV x2  
  85  6:50  Supply Depot  
  89  6:54  Hellion x2  
  89  6:56  Liberator  
  89  6:58  Liberator, Banshee  
  89  6:59  SCV x2  
  96  7:11  SCV x3  
  109  7:15  Hellion  
  109  7:16  Hellion  
  109  7:22  Supply Depot  
  109  7:23  Supply Depot  
  109  7:24  Supply Depot, Liberator  
  109  7:25  SCV x3  
  109  7:27  Supply Depot  
  109  7:29  Supply Depot  
  112  7:31  Hyperflight Rotors  
  112  7:37  Engineering Bay, SCV  
  112  7:43  Banshee  
  119  7:46  Hellion x2  
  119  7:47  SCV  
  119  7:48  SCV  
  123  8:25  Hellion x2  
  133  8:29  Banshee  
  133  8:30  Banshee  
  139  8:36  Factory, Starport x2  
  139  8:39  Command Center  
  139  8:48  Supply Depot  
  139  8:50  Hellion x2  
  139  8:51  Supply Depot  
  139  8:54  Viking x2  
  141  9:03  Terran Ship Weapons Level 2, Armory  
  141  9:11  Hellion x2  
  141  9:13  Cloaking Field, Banshee  
  148  9:18  Starport Tech Lab, Banshee  
  148  9:19  Starport Tech Lab  
  148  9:21  Factory Tech Lab  
  151  9:25  Supply Depot x2  
  151  9:26  Supply Depot  
  151  9:28  Viking  
  153  9:33  Hellion x2  
  157  9:40  Banshee  
  157  9:41  Banshee  
  163  9:46  Hellion, Infernal Pre-Igniter  
  163  9:50  Supply Depot  
  165  9:54  Hellion x2  
  169  10:01  Viking  
  169  10:03  Refinery  
  169  10:06  Advanced Ballistics  
  171  10:11  Missile Turret  
  171  10:13  Refinery  
  171  10:15  Hellion x2  
  171  10:16  Hellion  
  176  10:25  Planetary Fortress  
  176  10:32  Banshee x2  
  176  10:33  Viking  
  184  10:36  Hellion  
  184  10:39  Hellion  
  188  10:42  Factory  
  188  11:00  Hellion  
  190  11:05  Hellion  
  190  11:06  Hellion  
  190  11:10  Viking x2  
  198  11:21  Hellion  
  200  11:26  Factory Reactor  
  163  11:42  Hellion x3  
Tags
 
Add a new tag
Caveats
  • Supply blocks, unpowered buildings, or Contaminate may cause inaccurate times.
  • Supply counts are checked every 10 seconds.